 Dungeon Crawl Stone Soup version 0.28-a0-1518-gbe868bca14 (webtiles) character file.

Game seed: 2968823385344197719

1628 ragingrage the Skirmisher (level 8, -2/53 HPs)
             Began as a Gargoyle Artificer on Jan 16, 2022.
             Killed by nerve-wracking pain
             ... invoked by an orc priest
              (3 damage)
             ... on level 7 of the Dungeon.
             The game lasted 00:11:29 (9297 turns).

ragingrage the Skirmisher (Gargoyle Artificer)      Turns: 9297, Time: 00:11:29

Health: -2/53      AC: 14    Str: 15 (16) XL:     8   Next: 97%
Magic:  8/8        EV: 11    Int: 16 (18) God:
Gold:   127        SH:  0    Dex: 10 (12) Spells: 7/7 levels left

rFire   . . .      SeeInvis .   d - +3 morningstar
rCold   . . .      Faith    .   (no shield)
rNeg    + . .      Spirit   .   o - +3 leather armour of Eciehire {rElec Int+6}
rPois   ∞          Reflect  .   (no helmet)
rElec   +          Harm     .   (no cloak)
rCorr   .          Rampage  .   D - +1 pair of gloves
Will    .....                   (no boots)
Stlth   +.........              (no amulet)
HPRegen 0.17/turn               (no ring)
MPRegen 0.11/turn               (no ring)

@: no status effects
A: sickness immunity, AC +5, negative energy resistance 1, electricity
resistance, torment resistance 1, petrification resistance
a: no special abilities


You were on level 7 of the Dungeon.
You visited 2 branches of the dungeon, and saw 8 of its levels.

You collected 309 gold pieces.
You spent 182 gold pieces at shops.

Inventory:

Hand Weapons
 a - a +1 dagger of venom
 b - a +0 hand axe
 d - a +3 morningstar (weapon)
 m - a +1 short sword of protection
 H - a +3 dire flail
Missiles
 j - 10 poisoned darts
Armour
 o - the +3 leather armour of Eciehire (worn) {rElec Int+6}
   (You found it on level 2 of the Dungeon)

   Int:       It affects your intelligence (+6).
   rElec:     It insulates you from electricity.
 D - a +1 pair of gloves (worn)
Jewellery
 l - a ring of flight
Wands
 c - a wand of flame (2) (quivered)
Scrolls
 h - a scroll of fog {unknown}
 k - a scroll of vulnerability {unknown}
 n - 4 scrolls of fear {unknown}
 q - 3 scrolls of brand weapon {unknown}
 r - a scroll of enchant weapon {unknown}
 s - a scroll of amnesia {unknown}
 u - 7 scrolls of identify {unknown}
 v - a scroll of immolation {unknown}
 y - a scroll of teleportation {unknown}
 z - a scroll of silence {unknown}
 C - a scroll of torment {unknown}
 G - 2 scrolls of blinking {unknown}
Potions
 f - a potion of curing
 g - a potion of degeneration
 i - a potion of lignification
 t - a potion of flight
 x - a potion of mutation
 A - a potion of invisibility {unknown}
 B - a potion of resistance {unknown}
 E - a potion of berserk rage {unknown}
 F - a potion of heal wounds {unknown}
Miscellaneous
 e - a piece from Xom's chessboard (5/15)


   Skills:
 + Level 7.0 Fighting
 + Level 5.3 Axes
 - Level 2.3 Armour
 - Level 1.0 Dodging
 - Level 1.4 Stealth
 + Level 6.4 Evocations


You had 7 spell levels left.
You didn't know any spells.
Your spell library contained the following spells:

 Spells                   Type           Power      Damage    Failure   Level
 Magic Dart               Conj           0%         1d3       30%         1
 Summon Small Mammal      Summ           0%         N/A       30%         1
 Blink                    Tloc           0%         N/A       43%         2
 Call Imp                 Summ           0%         N/A       43%         2
 Call Canine Familiar     Summ           0%         N/A       67%         3
 Gell's Gravitas          Tloc           0%         N/A       67%         3
 Lesser Beckoning         Tloc           0%         N/A       67%         3
 Mephitic Cloud           Conj/Pois/Air  0%         N/A       67%         3
 Summon Guardian Golem    Hex/Summ       0%         N/A       67%         3
 Teleport Other           Tloc           0%         N/A       67%         3
 Manifold Assault         Tloc           0%         N/A       100%        5
 Storm Form               Tmut/Air       0%         N/A       100%        7


Dungeon Overview and Level Annotations

Branches:
Dungeon (7/15)             Temple (1/1) D:5

Altars:
Ashenzari
Cheibriados
Dithmenos
Gozag
Kikubaaqudgha
Makhleb
Nemelex Xobeh
Ru
Sif Muna
Trog
Vehumet
Xom
Yredelemnul
Zin
The Shining One

Shops:
D:5 !

Annotations:
D:3 2 transporters
D:5 2 transporters
D:6 exclusion: downstairs


Innate Abilities, Weirdness & Mutations

You are immune to sickness and miasma.
Your stone body is resilient. (AC +5)
You are immune to poison.
You resist negative energy. (rN+)
You are resistant to electric shocks. (rElec)
You are resistant to unholy torment.
You are immune to petrification.


Message History

The puff of flame misses the orc priest.
The orc warrior hits you with a +0 short sword.
Aiming: Throw Flame
Press: ? - help, Q - select action, (/) - cycle Shift-Dir - straight line, f/p - orc warrior
Aim: an orc warrior, wielding a +0 short sword and wearing a +0 plate armour (severely wounded, 74% to hit)
The puff of flame hits the orc warrior!
You kill the orc warrior!
You feel your strength returning.
Your piece from Xom's chessboard (5/15) has regained one charge.
Your Fighting skill increases to level 7!
Aiming: Throw Flame
Press: ? - help, Q - select action, (/) - cycle Shift-Dir - straight line, f - orc priest
Aim: an orc priest, wielding a +0 club, wearing a +0 leather armour and wearing a +4 ring of protection (slow, 74% to hit)
Okay, then.
You thump the orc priest!
The orc priest is heavily wounded.
The orc priest barely misses you.
Aiming: Throw Flame
Press: ? - help, Q - select action, (/) - cycle Shift-Dir - straight line, f - orc priest
Aim: an orc priest, wielding a +0 club, wearing a +0 leather armour and wearing a +4 ring of protection (heavily wounded, slow, 74% to hit)
The puff of flame hits the orc priest.
The orc priest is almost dead.
You closely miss the orc priest.
The orc priest is almost dead.
The orc priest hits you but does no damage.
You barely miss the orc priest.
The orc priest is almost dead.
The orc priest looks encouraged for a moment.
The orc priest closely misses you.
You barely miss the orc priest.
The orc priest is almost dead.
The orc priest calls down the wrath of Beogh upon you.
Beogh smites you!
* * * LOW HITPOINT WARNING * * *
The orc priest invokes the aid of Beogh against you.
Beogh smites you!
* * * LOW HITPOINT WARNING * * *
The orc priest invokes the aid of Beogh against you.
Pain shoots through your body!
You die...

#.#
######...####
...
..........##
#.#
######.≈≈≈.#
#.# #≈≈≈≈≈#
#.## #≈≈.≈≈#
#..## #≈≈†≈≈##
#...# ##≈≈≈..#
#...# ##_##.#
....# ####@#
##)##
#.##o######
.#.#
#...o.....#
.#.#
$=....#.####o#
.#.#.
......#.# #.#
.≈.≈. ..(..
#.# #.# .≈≈≈.
..... .[# #.#
...... ....
### #o#
....... ....
#..


You could see 2 orc priests.

Vanquished Creatures
  Prince Ribbit (D:5)
  A steam dragon (D:7)
  A water moccasin (D:6)
  An orc warrior (D:7)
  A centaur (D:7)
  2 bullfrogs
  Blork the orc (D:5)
  A water moccasin zombie (D:6)
  A water moccasin skeleton (D:5)
  4 wights
  An orc priest (D:4)
  A gnoll shaman (D:6)
  A hound (D:4)
  A jelly (D:6)
  2 bullfrog skeletons (D:5)
  A centaur skeleton (D:7)
  An iguana (D:7)
  Ijyb (D:5)
  5 orc wizards
  A hound skeleton (D:4)
  A howler monkey zombie (D:5)
  4 adders
  A gnoll (D:6)
  A shadow imp (D:5)
  An adder skeleton (D:4)
  2 worms
  3 dart slugs
  11 orcs
  6 endoplasms
  2 giant cockroaches (D:2)
  A goblin (D:4)
  5 hobgoblins
  5 quokkas
  3 ball pythons
  3 bats
  2 frilled lizards
  A jackal skeleton (D:4)
  8 kobolds
  4 rats
93 creatures vanquished.

Vanquished Creatures (collateral kills)
  An orc wizard (D:5)
  A gnoll (D:6)
  4 orcs
  A kobold (D:3)
7 creatures vanquished.

Vanquished Creatures (others)
  A wight (D:6)
  An orc priest (D:5)
  An orc wizard (D:5)
  A gnoll (D:6)
  3 orcs
  A bush (D:7)
  11 plants
19 creatures vanquished.

Grand Total: 119 creatures vanquished

Notes
Turn   | Place    | Note
-------+----------+-------------------------------------------
     0 | D:1      | ragingrage the Gargoyle Artificer began the quest for the
                  | Orb.
     0 | D:1      | Reached XP level 1. HP: 12/12 MP: 1/1
   189 | D:1      | Found a faded altar of an unknown god.
   939 | D:2      | Reached skill level 1 in Dodging
   939 | D:2      | Reached XP level 2. HP: 5/16 MP: 2/2
  1707 | D:2      | Reached skill level 2 in Fighting
  1797 | D:2      | Identified the +3 leather armour of Eciehire {rElec Int+6}
  1861 | D:2      | Reached XP level 3. HP: 18/21 MP: 3/3
  2614 | D:3      | Found a transporter.
  2979 | D:3      | Reached XP level 4. HP: 16/27 MP: 4/4
  3508 | D:3      | Found a transporter.
  3858 | D:4      | You fall into a shaft and drop 1 floor!
  3858 | D:5      | Entered Level 5 of the Dungeon
  3874 | D:5      | Noticed Ijyb
  3896 | D:6      | Noticed a water moccasin
  3917 | D:6      | Killed a water moccasin
  3918 | D:6      | Reached skill level 3 in Fighting
  3918 | D:6      | Reached skill level 1 in Axes
  3918 | D:6      | Reached XP level 5. HP: 9/33 MP: 5/5
  4338 | D:6      | Reached XP level 6. HP: 12/38 MP: 6/6
  4699 | D:7      | Noticed an orc warrior
  4763 | D:5      | Found Naedepn's Distillery.
  4770 | D:5      | Bought a potion of curing for 39 gold pieces
  4770 | D:5      | Bought a potion of mutation for 104 gold pieces
  4867 | D:4      | Reached skill level 4 in Fighting
  5043 | D:4      | Found a shimmering blue altar of Sif Muna.
  5559 | D:4      | Reached XP level 7. HP: 43/44 MP: 7/7
  6002 | D:5      | Found a staircase to the Ecumenical Temple.
  6023 | Temple   | Entered the Ecumenical Temple
  6469 | D:5      | Killed Ijyb
  6694 | D:5      | Identified the +5 scale mail of the Hippo {Harm rElec Str-2
                  | SInv}
  6694 | D:5      | Identified the +0 kite shield "Huypruv" {Str+3}
  6701 | D:5      | Noticed Blork the orc
  6710 | D:5      | Noticed Prince Ribbit
  6721 | D:5      | Killed Blork the orc
  6722 | D:5      | Reached skill level 5 in Fighting
  6722 | D:5      | Reached skill level 5 in Evocations
  6789 | D:5      | Killed Prince Ribbit
  6933 | D:5      | Found a transporter.
  6943 | D:5      | Found a shadowy altar of Dithmenos.
  7013 | D:5      | Found a transporter.
  7156 | D:5      | Reached XP level 8. HP: 44/50 MP: 8/8
  7503 | D:5      | Bought a potion of lignification for 39 gold pieces
  7668 | D:6      | Reached skill level 6 in Fighting
  7930 | D:6      | Found a sacrificial altar of Ru.
  8787 | D:7      | Reached skill level 5 in Axes
  9254 | D:7      | Found a snail-covered altar of Cheibriados.
  9293 | D:7      | Reached skill level 7 in Fighting
  9297 | D:7      | HP: 1/53 [orc priest/divine providence (12)]
  9297 | D:7      | Killed from afar by an orc priest

Illustrated notes

Levels and vault maps discovered:
D:1:      roderic_dead_forest, layout_loops_cross,
          ebering_ecumenical_altar_abandoned,
          nicolae_concentric_dashed_squares_wild
D:2:      layout_basic
D:3:      gammafunk_wand_slinger, layout_basic, serial_forest,
          infiniplex_forest_clump_diagonal, infiniplex_forest_end_3,
          infiniplex_forest_clump_curved, infiniplex_forest_end_2,
          infiniplex_forest_lined_corner, infiniplex_forest_clump_tiny,
          infiniplex_forest_split, infiniplex_forest_pool, minivault_25
D:4:      layout_basic, nicolae_overflow_crystal_walls, grunt_ministairs_14,
          dk_noncrumbling_2, chequers_mini_garden
D:5:      layout_basic, mainiacjoe_overflow_six_doors_small,
          minmay_temple_entry_slanted, gammafunk_ghost_gnarly_gnolls,
          serial_shops, shop, uniq_blork_the_orc, uniq_prince_ribbit1, uniq_ijyb
D:6:      layout_loops_ring, nicolae_ru_path_of_blood
D:7:      layout_loops_ring, kennysheep_slug_shrine,
          minmay_overflow_temple_star_hex, gammafunk_temple_overflow_statue,
          kb_lookout_dungeons_type, nicolae_specific_store, dk_vineyard_1
Temple:   minmay_temple_curvy_loop

Skill      XL: |  1  2  3  4  5  6  7  8 |
---------------+-------------------------+-----
Dodging        | 1 |  1.0
Fighting       | 2 3 4 5 7 |  7.0
Evocations     | 3 4 5 6 |  6.4
Axes           | 1 2 3 5 |  5.3
Armour         | |  2.3
Stealth        | |  1.4

Action                   |  1- 3 |  4- 6 |  7- 9 || total
-------------------------+-------+-------+-------++-------
Melee: Club              |    70 |       |       ||    70
       Short sword       |    90 |   193 |   218 ||   501
       Punch             |     2 |     2 |     7 ||    11
       Unarmed           |       |       |     3 ||     3
       Dagger            |       |       |    81 ||    81
       Morningstar       |       |       |    48 ||    48
Throw: Dart              |       |       |    13 ||    13
Evoke: Wand              |     6 |    11 |    17 ||    34
       Piece from Xom's  |       |       |    16 ||    16
  Use: Potion            |       |       |     5 ||     5
 Stab: Sleeping          |     2 |       |     1 ||     3
       Petrified         |       |       |    12 ||    12
       Confused          |       |       |     1 ||     1
Armor: Robe              |    25 |       |       ||    25
       Leather armour    |    45 |   119 |   189 ||   353
       Skin              |       |     3 |     1 ||     4
Dodge: Dodged            |   112 |   112 |   181 ||   405

Table legend: (Time is in decaauts)
 A = Elapsed time spent in this place.
 B = Non-inter-level travel time spent in this place.
 C = Inter-level travel time spent in this place.
 D = Time resting spent in this place.
 E = Time spent auto-exploring this place.
 F = Levels seen in this place.
 G = Mean time per level.
                   A        B        C        D        E       F      G
               +--------+--------+--------+--------+--------+-----+--------+
         Total |   9392 |   8965 |    427 |   2225 |   4853 |   8 | 1174.0 |
       Dungeon |   9151 |   8747 |    404 |   2225 |   4640 |   7 | 1307.3 |
        Temple |    240 |    217 |     23 |      0 |    213 |   1 |  240.0 |
               +--------+--------+--------+--------+--------+-----+--------+

Top non-repeatable levels by time:
     D:6: 1599 daAuts
     D:4: 1537 daAuts
     D:2: 1525 daAuts
     D:5: 1504 daAuts
     D:3: 1449 daAuts
     D:1: 917 daAuts
     D:7: 616 daAuts
  Temple: 240 daAuts
